 Dungeon Crawl Stone Soup version 0.31-a0-200-gbc41564c69 (webtiles) character file.

Game seed: 451835074776464231

56 qw the Shooter (level 3, -2/20 HPs)
             Began as a Deep Elf Hunter on June 25, 2023.
             Killed from afar by an orc wizard (5 damage)
             ... with a magic dart
             ... on level 2 of the Dungeon.
             The game lasted 00:00:29 (1535 turns).

qw the Shooter (Deep Elf Hunter)                    Turns: 1535, Time: 00:00:30

Health: -2/20      AC: 10    Str: 10    XL:     3   Next: 71%
Magic:  5/5        EV:  9    Int: 15    God:
Gold:   86         SH:  0    Dex: 18    Spells: 2/2 levels left

rFire   . . .        Y - +0 shortbow
rCold   . . .        (shield currently unavailable)
rNeg    . . .        h - +4 scale mail "Ettemyt" {*Slow rElec Int+2 Stlth+}
rPois   .            (no helmet)
rElec   +            (no cloak)
rCorr   .            (no gloves)
SInv    .            (no boots)
Will    .....        (no amulet)
Stlth   ++           (no ring)
HPRegen 0.23/turn    (no ring)
MPRegen 0.09/turn

%: slow self (1%)
@: no status effects
A: no striking features
a: no special abilities


You were on level 2 of the Dungeon.
You visited 1 branch of the dungeon, and saw 3 of its levels.

You collected 86 gold pieces.


   Skills:
 - Level 1.5 Fighting
 + Level 7.2 Ranged Weapons
 - Level 2.4 Dodging
 - Level 1.2 Stealth


You had 2 spell levels left.
You didn't know any spells.
Your spell library was empty.

Inventory:

Hand Weapons
 Y - a +0 shortbow (weapon)
Armour
 h - the +4 scale mail "Ettemyt" (worn) {*Slow rElec Int+2 Stlth+}
   (You found it on level 2 of the Dungeon)

   Int:       It affects your intelligence (+2).
   rElec:     It insulates you from electricity.
   *Slow:     It may slow you when you take damage.
   Stlth:     It makes you more stealthy.
Scrolls
 b - a scroll of identify
Potions
 a - a potion of enlightenment
 d - a potion of lignification {unknown}
 f - a potion of degeneration {unknown}

Dungeon Overview and Level Annotations

Branches:
Dungeon (3/15)

Altars:


Message History

(D) Dungeon
Where to? (* - list waypoints, Enter - D:3, ? - help)
What level of the Dungeon? (default 1, ? - help)
You climb downwards.
The orc wizard casts a spell at you. The puff of flame hits you!
Ouch! That really hurt!
There is a stone staircase leading up here.
1527 ||| STAIRDANCE The orc wizard hits you but does no damage.
You climb upwards.
There is a stone staircase leading down here.
You shoot an arrow. The arrow barely misses the orc wizard.
The orc wizard casts a spell at you. You resist with some effort.
The orc wizard casts a spell at you. The magic dart hits you.
You shoot an arrow. The arrow hits the orc wizard.
The orc wizard is moderately wounded.
The orc wizard gestures at you while chanting.
The puff of flame hits you!
You shoot an arrow. The arrow hits the orc wizard!
The orc wizard is almost dead.
The orc wizard barely misses you.
You shoot an arrow.
The arrow closely misses the orc wizard.
The orc wizard casts a spell.
The orc wizard flickers and vanishes!
Deactivating autopickup; reactivate with Ctrl-A.
Something hits you but does no damage.
You shoot an arrow. Something hits you but does no damage.
You shoot an arrow. Something hits you but does no damage.
You shoot an arrow. Something hits you but does no damage.
You hear some strange, mumbled words.
A magic dart appears from out of thin air!
The magic dart hits you.
You die...

....#..####......# ##...###.#.# #
....#)...........# #..#.......###
....#..####......###.##..........
#.###..####.#######..##.......###
...##....##.# ###.###.......#
...##..#....#####...# #.......#
...##..#..........### #.......#
...##..#.######..## ##########
...##..#.......{@# #.......#
#......#..######## #.......#
######.#..######### #.......#
#.#.....?.)..# #.......#
#.#..#######.####.......#
#.##....................#
#[##########.####.......#
#........# #......#######
########.# ###.##.#


There were no monsters in sight!

Vanquished Creatures
  A gnoll (D:1)
  An adder (D:2)
  3 dart slugs
  An endoplasm (D:2)
  5 giant cockroaches
  2 goblins (D:2)
  A hobgoblin (D:1)
  2 ball pythons (D:1)
  4 bats (D:2)
  A frilled lizard (D:1)
  6 kobolds
  7 rats
34 creatures vanquished.

Notes
Turn   | Place    | Note
-------+----------+-------------------------------------------
     0 | D:1      | qw the Deep Elf Hunter began the quest for the Orb.
     0 | D:1      | Reached XP level 1. HP: 12/12 MP: 3/3
     0 | D:1      | 0 ||| qw: Version: 0.3-a-22-g0ed2b0b
     0 | D:1      | 0 ||| qw: Game counter: 5626
     0 | D:1      | 0 ||| qw: Melee chars always use a shield: true
     0 | D:1      | 0 ||| qw: God list: Okawaru
     0 | D:1      | 0 ||| qw: Allow faded altars: false
     0 | D:1      | 0 ||| qw: Do Orc after clearing Dungeon:15 true
     0 | D:1      | 0 ||| qw: Do second Lair branch before Depths: true
     0 | D:1      | 0 ||| qw: Lair rune preference: random
     0 | D:1      | 0 ||| qw: Goals: Normal
     0 | D:1      | 0 ||| PLANNING D:1-11
    65 | D:1      | Reached XP level 2. HP: 16/16 MP: 4/4
    83 | D:1      | Reached skill level 6 in Ranged Weapons
   442 | D:1      | Reached XP level 3. HP: 20/20 MP: 5/5
   756 | D:1      | 756 ||| READING scroll labelled NUDDUA LAMUKE.
   757 | D:1      | 757 ||| READING scroll labelled VULAUS QOUTOE.
   760 | D:1      | 760 ||| READING scroll labelled WASTEO URERY.
   761 | D:1      | 761 ||| READING scroll labelled INYXTA ETEWN.
   799 | D:1      | 799 ||| DROPPING scroll of butterflies.
   849 | D:2      | Found Ingum's Magic Scroll Shop.
   883 | D:2      | 883 ||| FLEEEEING.
   884 | D:2      | 884 ||| FLEEEEING.
  1000 | D:2      | Reached skill level 7 in Ranged Weapons
  1224 | D:2      | Identified the +4 scale mail "Ettemyt" {*Slow rElec Int+2
                  | Stlth+}
  1431 | D:2      | 1431 ||| UPGRADING to +4 scale mail "Ettemyt" {*Slow rElec
                  | Int+2 Stlth+}.
  1441 | D:2      | 1441 ||| DROPPING +0 leather armour.
  1442 | D:2      | 1442 ||| READING scroll labelled WYMAVY ENEM.
  1443 | D:2      | 1443 ||| READING scroll labelled ZOEH ROKLEISHRUQ.
  1444 | D:2      | 1444 ||| READING 2 scrolls of identify.
  1444 | D:2      | 1444 ||| IDENTIFYING smoky dark potion
  1470 | D:3      | 1470 ||| STAIRDANCE
  1527 | D:3      | 1527 ||| STAIRDANCE
  1530 | D:2      | HP: 1/20 [orc wizard/puff of flame (7)]
  1535 | D:2      | Killed from afar by an orc wizard

Levels and vault maps discovered:
D:1:      dpeg_arrival_prison, layout_loops_ring
D:2:      layout_basic, serial_shops, nicolae_shop_crystal,
          minmay_misc_feat_hallway
D:3:      layout_loops_cross, nicolae_overflow_hallway_of_the_gods,
          minmay_quadrilaterals

Skill      XL: |  1  2  3 |
---------------+----------+-----
Ranged Weapons | 6 7 |  7.2
Fighting       | |  1.5
Dodging        | |  2.4
Stealth        | |  1.2

Action                     || total
---------------------------++-------
   Fire: Shortbow          ||    96
    Use: Scroll            ||     7
 Armour: Leather armour    ||     9
         Scale mail        ||     5
  Dodge: Dodged            ||    21

Table legend:
 A = Non-vault XP
 B = Vault XP
 C = Vault XP percentage of total XP
 D = Non-vault monster count
 E = Vault monster count
 F = Vault count percentage of total count
                 A         B        C        D         E       F
            +---------+---------+-------+---------+---------+-------
      Total |      73 |       8 |   9.9 |      29 |       5 |  14.7
            +---------+---------+-------+---------+---------+-------
        D:1 |      36 |       8 |  18.2 |      14 |       5 |  26.3
        D:2 |      37 |       0 |   0.0 |      15 |       0 |   0.0
            +---------+---------+-------+---------+---------+-------
